 Dungeon Crawl Stone Soup version 0.31-a0-229-g1fc7ce93e2 (webtiles) character file.

Game seed: 218452504292791416

58 tsouns the Sneak (level 3, 0/19 HPs)
             Began as a Vampire Hedge Wizard on July 6, 2023.
             Slain by a jackal (1 damage)
             ... on level 2 of the Dungeon.
             The game lasted 00:05:07 (1994 turns).

tsouns the Sneak (Vampire Hedge Wizard)             Turns: 1994, Time: 00:05:08

Health: 0/19       AC:  0    Str:  7 (9)  XL:     3   Next: 76%
Magic:  5/7        EV: 19    Int: 16 (18) God:
Gold:   78         SH:  0    Dex: 16 (18) Spells: 3/8 levels left

rFire   . . .        h - melded +0 rapier (venom)
rCold   + + .        (shield currently unavailable)
rNeg    + + +        b - melded +0 robe
rPois   ∞            c - melded +1 hat
rElec   .            (cloak currently unavailable)
rCorr   .            (gloves currently unavailable)
SInv    +            (boots currently unavailable)
Will    .....        (no amulet)
Stlth   +++++        (ring currently unavailable)
HPRegen 0.00/turn    (ring currently unavailable)
MPRegen 0.10/turn

%: no passive effects
@: bat-form, flying, bloodless, inhibited regen, very quick
A: fast, flying, no casting, tiny, bloodless, fangs 3, see invisible, vampiric 2
a: Revivify, End Transformation


You were on level 2 of the Dungeon.
You were a vampire bat.
You visited 1 branch of the dungeon, and saw 3 of its levels.

You collected 128 gold pieces.
You spent 50 gold pieces at shops.

Inventory:

Hand Weapons
 a - a +0 dagger
 h - a +0 rapier of venom (melded)
 i - a +2 dagger of freezing
Missiles
 k - 4 curare-tipped darts
Armour
 b - a +0 robe (melded)
 c - a +1 hat (melded)
Jewellery
 f - a ring of willpower
 j - the ring "Weid" {Fire rElec}
   (You found it on level 2 of the Dungeon)

   [ring of fire]

   It enhances your fire magic.
   rF:        It protects you from fire.
   rC:        It makes you vulnerable to cold.
   rElec:     It insulates you from electricity.
Potions
 d - a potion of magic
 g - a potion of degeneration
 l - 2 potions of lignification


   Skills:
 - Level 2.1 Dodging
 + Level 3.9 Stealth
 * Level 3.4 Spellcasting
 + Level 1.2 Conjurations
 + Level 1.7 Summonings
 + Level 1.3 Translocations


You had 3 spell levels left.
You knew the following spells:

 Your Spells              Type           Power      Damage    Failure   Level
a - Magic Dart            Conj           24%        1d4       11%         1
b - Call Imp              Summ           16%        N/A       13%         2
c - Blink                 Tloc           14%        N/A       16%         2

Your spell library contained the following spells:

 Spells                   Type           Power      Damage    Failure   Level
 Necrotise                Necr           8%         1d4       19%         1
 Sandblast                Erth           4%         2d4       19%         1
 Slow                     Hex            8%         N/A       19%         1
 Cigotuvi's Dreadful Rot  Necr/Pois/Air  4%         N/A       26%         2
 Passwall                 Tmut/Erth      1%         N/A       26%         2
 Sublimation of Blood     Necr           2%         N/A       26%         2
 Stone Arrow              Conj/Erth      8%         3d7       38%         3
 Mephitic Cloud           Conj/Pois/Air  4%         N/A       41%         3
 Confusing Touch          Hex            2%         N/A       47%         3
 Ignite Poison            Fire/Tmut/Pois 2%         N/A       47%         3
 Vampiric Draining        Necr           2%         2d6       47%         3
 Cause Fear               Hex            1%         N/A       87%         4
 Agony                    Necr           2%         N/A       99%         5
 Dragon Form              Tmut           1%         N/A       100%        7
 Dragon's Call            Summ           4%         N/A       100%        9
 Necromutation            Tmut/Necr      Unusable   N/A       N/A         8

Dungeon Overview and Level Annotations

Branches:
Dungeon (3/15)

Altars:

Shops:
D:1 !   D:3 (


Innate Abilities, Weirdness & Mutations

You are a vampire bat.
You are tiny and dextrous.
You move quickly.
You are flying.
You are immune to poison.
Your equipment is almost entirely melded.
You are incapable of wielding weapons or throwing items.
You cannot cast spells.
You do not regenerate when monsters are visible.
You are frail without blood (-20% HP).
You can heal yourself when you bite living creatures.
You are immune to poison.
You have razor-sharp teeth.
You have supernaturally acute eyesight. (SInv)
You are afflicted with vampirism and can become a bat while bloodless.


Message History

The jackal barely misses you. The quokka misses you.
A ball python skeleton comes into view.
The jackal barks!
The jackal bites you. The bat zombie closely misses you.
You see here a scroll of identify.
You hit the giant cockroach but do no damage.
Your bite misses the giant cockroach. The bat zombie misses you.
The bat zombie hits you. The jackal barely misses you.
The giant cockroach misses you. The jackal misses you.
You hit the ball python skeleton but do no damage.
The bat zombie hits you.
* * * LOW HITPOINT WARNING * * *
The bat zombie barely misses you. The ball python skeleton misses you.
The ball python skeleton closely misses you.
The giant cockroach misses you. The jackal closely misses you.
Unknown command.
You hit the ball python skeleton but do no damage.
The jackal closely misses you. x2; The giant cockroach barely misses you.
The jackal barely misses you.
The ball python skeleton completely misses you. x2
The jackal bites you.
* * * LOW HITPOINT WARNING * * *
The jackal closely misses you. The jackal bites you.
* * * LOW HITPOINT WARNING * * *
You hit the ball python skeleton but do no damage.
The jackal closely misses you. The giant cockroach barely misses you.
The ball python skeleton completely misses you.
The ball python skeleton barely misses you.
The jackal barely misses you. x4; The giant cockroach barely misses you.
You hit the ball python skeleton but do no damage.
You bite the ball python skeleton.
The ball python skeleton is severely damaged.
The jackal misses you. The jackal closely misses you. x2
The ball python skeleton closely misses you.
The ball python skeleton misses you. The jackal completely misses you.
The giant cockroach barely misses you. The jackal misses you.
You hit the ball python skeleton but do no damage.
The ball python skeleton is severely damaged.
The jackal bites you.
You die...

... #..##+ #.....
#..... ...P. P..
#..+#Z######
#....BbhZ$.#########
#....hhh...........#
##...Zr....w....w..#
....................#
....................#
......#####.........#
P..... #.........#
...... #$........# ..
###########


You could see a dart slug, a bat zombie, a quokka, 4 jackals, a giant cockroach
and 2 ball python skeletons.

Vanquished Creatures
  A worm (D:2)
  2 dart slugs
  4 orcs (D:3)
  3 ball pythons
  2 bats (D:1)
  A bat skeleton (D:2)
  2 bat zombies (D:2)
  5 endoplasms
  2 giant cockroaches
  3 goblins
  6 hobgoblins
  2 quokkas (D:1)
  A ball python skeleton (D:2)
  2 frilled lizards
  4 kobolds
  A rat (D:1)
41 creatures vanquished.

Notes
Turn   | Place    | Note
-------+----------+-------------------------------------------
     0 | D:1      | tsouns the Vampire Hedge Wizard began the quest for the
                  | Orb.
     0 | D:1      | Reached XP level 1. HP: 13/13 MP: 4/4
   305 | D:1      | Reached skill level 1 in Translocations
   348 | D:1      | Reached XP level 2. HP: 19/19 MP: 3/6
   641 | D:1      | Reached skill level 1 in Conjurations
  1018 | D:1      | Found Fagonepp's Distillery.
  1024 | D:1      | Bought a potion of heal wounds for 50 gold pieces
  1290 | D:2      | Gained mutation: You are afflicted with vampirism and can
                  | become a bat while bloodless. [Vampire growth]
  1290 | D:2      | Reached XP level 3. HP: 24/24 MP: 2/7
  1293 | D:2      | Learned a level 2 spell: Call Imp
  1296 | D:2      | Learned a level 2 spell: Blink
  1418 | D:2      | Got Lujiz's Meditations on Evolution and Dark Ceremonies
  1474 | D:2      | Identified the ring "Weid" {Fire rElec}
  1660 | D:3      | Found Ivuiq's Antique Weapon Boutique.
  1909 | D:3      | Noticed a phantom
  1994 | D:2      | Slain by a jackal

Illustrated notes

Levels and vault maps discovered:
D:1:      minmay_arrival_four_circles, layout_basic, serial_shops,
          nicolae_shop_industrial_runoff
D:2:      layout_basic, serial_undead, serial_undead_b, serial_undead_c,
          serial_undead_e, serial_undead_b, serial_undead_a, serial_undead_b,
          uniq_robin
D:3:      corexii_shack_village, layout_loops_ring,
          nicolae_yredelemnul_corpse_copse, serial_shops, shop, shop,
          minmay_starry_boxes, uniq_jessica

Skill      XL: |  1  2 |
---------------+-------+-----
Translocations | 1 |  1.3
Conjurations   | 1 |  1.2
Dodging        | |  2.1
Stealth        | |  3.9
Spellcasting   | |  3.4
Summonings     | |  1.7

Action                     || total
---------------------------++-------
  Melee: Dagger            ||     8
         Rapier            ||    32
         Bite              ||     5
         Unarmed           ||     7
   Cast: Magic Dart        ||    90
Ability: Bat Form          ||     1
         Exsanguinate      ||     1
    Use: Scroll            ||     6
         Potion            ||     3
   Stab: Sleeping          ||     5
 Armour: Robe              ||    39
  Dodge: Dodged            ||   107

Table legend: (Time is in decaauts)
 A = Elapsed time spent in this place.
 B = Non-inter-level travel time spent in this place.
 C = Inter-level travel time spent in this place.
 D = Time resting spent in this place.
 E = Time spent auto-exploring this place.
 F = Levels seen in this place.
 G = Mean time per level.
                   A        B        C        D        E       F      G
               +--------+--------+--------+--------+--------+-----+--------+
         Total |   1985 |   1899 |     86 |      0 |   1527 |   3 |  661.7 |
       Dungeon |   1985 |   1899 |     86 |      0 |   1527 |   3 |  661.7 |
               +--------+--------+--------+--------+--------+-----+--------+

Top non-repeatable levels by time:
     D:1: 1118 daAuts
     D:2: 543 daAuts
     D:3: 323 daAuts
